AoeStats
← The Sorrow of Moldavia

Baltic

510396509Analyzed
4v4 RM · 5h ago on Sep 30, 2026· 50m 4s· 8 players
Game mode
Random Map
Map size
Large (8 player)
Population
200
Speed
Normal
Resources
Standard
Victory
Conquest
Starting age
Dark Age
Ending age
Imperial Age
RankedLock teamsTeams togetherTeam positionsShared explorationLock speedFull tech treeHidden civsTurbo modeCheats
Victory
Defeat
🇬🇧 Italians · United Kingdom
1291
+12
🇨🇴 Varangians · Colombia
1274
+12
🇨🇦 Huns · Canada
1252
+13
🇺🇸 Romans · United States
1242
+14
🇺🇸 Persians · United States
1345
-19
🇺🇸 Varangians · United States
1184
-12
🇺🇸 Lithuanians · United States
1149
-11
🇺🇸 Italians · United States
1095
-9
SAMOAN SHOTGUN
5:39 Loom
11:55 Feudal Age
14:10 Double-Bit Axe
16:44 Castle Age
17:45 Bow Saw
41:06 Fortified Wall
41:17 Ballistics
40:56 Pikeman
41:39 Squires
41:55 Forging
41:47 Scale Mail Armor
47:51 Imperial Age
45:09 Town Watch
46:59 Iron Casting
48:41 Ballistas
48:57 Conscription
48:27 Heavy Scorpion
Mahore
11:33 Feudal Age
15:35 Castle Age
13:37 Fletching
14:58 Fishing Lines
15:04 Fishing Lines
16:11 Bodkin Arrow
22:18 Ballistics
23:12 Gillnets
24:36 Horse Collar
27:08 Gambesons
28:36 Forging
28:27 Scale Mail Armor
28:26 Loom
29:36 Double-Bit Axe
31:25 Iron Casting
31:07 Chain Mail Armor
31:17 Squires
31:08 Arson
32:42 Wheelbarrow
31:53 Town Watch
33:57 Hand Cart
33:44 Town Patrol
39:03 Imperial Age
39:03 Gold Mining
39:49 Bow Saw
39:08 Elite Varangian Guard
45:20 Conscription
46:16 Blast Furnace
45:46 Plate Mail Armor
45:40 Pikeman
47:24 Halberdier
47:53 Gothikon
50:04 Two-Man Saw
49:09 Heavy Plow
Leon
7:19 Loom
10:12 Feudal Age
10:47 Double-Bit Axe
13:15 Fishing Lines
20:37 Castle Age
19:24 Fletching
21:28 Medium Warships
21:17 Bodkin Arrow
22:29 Ballistics
26:47 Gillnets
28:12 Wheelbarrow
28:36 Horse Collar
29:20 Heavy Plow
33:37 Imperial Age
31:43 Stone Mining
31:44 Gold Mining
35:21 Bracer
36:27 Chemistry
35:44 Hand Cart
36:06 Padded Archer Armor
36:48 Conscription
37:06 Thumb Ring
37:18 Leather Archer Armor
37:20 Elite Genoese Crossbowman
42:30 Ring Archer Armor
42:29 Silk Road
47:17 Bombard Tower
46:45 Treadmill Crane
47:16 Masonry
46:56 Guard Tower
47:43 Hoardings
47:49 Hoardings
49:39 Architecture
49:05 Murder Holes
zesen
5:21 Loom
13:09 Feudal Age
14:28 Fishing Lines
16:05 Gold Mining
16:59 Fletching
17:09 Padded Archer Armor
19:37 Castle Age
17:30 Stone Mining
18:27 Horse Collar
20:46 Medium Warships
20:33 Bodkin Arrow
22:02 Double-Bit Axe
28:27 Leather Archer Armor
29:56 Gillnets
31:26 Wheelbarrow
31:50 Scale Barding Armor
31:55 Forging
32:03 Heavy Plow
33:11 Gold Shaft Mining
33:00 Chain Barding Armor
33:38 Husbandry
34:40 Iron Casting
37:17 Imperial Age
34:56 Marauders
35:18 Bloodlines
37:40 Elite Tarkan
38:42 Conscription
39:00 Plate Barding Armor
39:27 Blast Furnace
37:54 Light Cavalry
38:56 Bow Saw
41:32 Heavy Warships
41:46 Plate Barding Armor
41:12 Bracer
40:50 Hussar
41:54 Cavalier
48:32 Chemistry
47:29 Murder Holes
47:55 Ballistics
Showergod
11:36 Feudal Age
11:57 Double-Bit Axe
12:27 Gold Mining
13:19 Loom
14:21 Fletching
18:15 Horse Collar
21:00 Castle Age
19:14 Scale Barding Armor
21:49 Bow Saw
21:41 Heavy Plow
22:26 Wheelbarrow
21:48 Stone Mining
22:03 Squires
22:40 Padded Archer Armor
22:02 Crossbowman
23:50 Gold Shaft Mining
27:02 Bodkin Arrow
28:32 Ballistics
29:17 Hand Cart
29:53 Thumb Ring
30:06 Leather Archer Armor
30:34 Kamandaran
34:04 Imperial Age
31:44 Scale Barding Armor
33:18 Forging
33:57 Chain Barding Armor
34:52 Elite War Elephant
37:29 Chemistry
37:21 Plate Barding Armor
37:19 Conscription
39:09 Iron Casting
44:48 Blast Furnace
45:43 Ring Archer Armor
46:31 Caravan
cabaron
5:43 Loom
11:26 Feudal Age
12:47 Wheelbarrow
13:22 Double-Bit Axe
13:48 Gold Mining
14:31 Fishing Lines
20:04 Wheelbarrow
20:01 Fletching
22:54 Stone Mining
28:00 Castle Age
27:00 Scale Barding Armor
27:05 Forging
29:58 Forging
31:10 Hand Cart
31:20 Bloodlines
30:54 Horse Collar
34:54 Stone Shaft Mining
34:44 Husbandry
35:26 Bow Saw
35:36 Heavy Plow
36:45 Treadmill Crane
38:23 Bodkin Arrow
41:11 Imperial Age
40:01 Vendel Legacy
42:00 Bracer
41:48 Cavalier
45:32 Chain Barding Armor
45:47 Iron Casting
47:52 Plate Barding Armor
48:08 Padded Archer Armor
49:10 Blast Furnace
47:53 Elite Skirmisher
50:20 Leather Archer Armor
The Sorrow of Moldavia
11:40 Feudal Age
16:27 Castle Age
14:46 Double-Bit Axe
18:47 Fletching
19:18 Loom
23:54 Scale Barding Armor
25:40 Horse Collar
27:11 Heavy Plow
30:59 Imperial Age
29:56 Wheelbarrow
30:00 Forging
29:47 Bodkin Arrow
31:00 Chain Barding Armor
33:14 Bloodlines
33:06 Husbandry
32:27 Light Cavalry
33:04 Cavalier
33:57 Bracer
35:57 Plate Barding Armor
35:57 Iron Casting
46:05 Town Watch
46:36 Hand Cart
46:16 Paladin
47:15 Elite Skirmisher
Shawarma Rider
5:56 Loom
11:31 Feudal Age
10:06 Loom
16:49 Fletching
21:20 Castle Age
20:27 Padded Archer Armor
24:42 Wheelbarrow
25:55 Double-Bit Axe
26:11 Stone Mining
26:12 Gold Mining
26:21 Horse Collar
36:36 Imperial Age
35:16 Bodkin Arrow
35:37 Leather Archer Armor
39:35 Chemistry
38:56 Ballistics
40:04 Fortified Wall
40:53 Bracer
41:04 Forging
41:00 Scale Barding Armor
Connection lost

Rejoining the realm…

Still unreachable

The connection could not be restored.

Session expired

The server has moved on; the page needs a fresh start.